 Dungeon Crawl Stone Soup version 0.23-a0-837-ga3e6480 (console) character file.

105 bli the Slasher (level 4, 0/37 HPs)
             Began as a Barachi Monk on Jan 24, 2019.
             Was a Believer of Wu Jian.
             Slain by an iguana (13 damage)
             ... on level 4 of the Dungeon.
             The game lasted 00:07:09 (3288 turns).

bli the Slasher (Barachi Monk)                      Turns: 3288, Time: 00:07:10

Health: 0/37       AC:  3    Str: 12    XL:     4   Next: 81%
Magic:  13/13      EV: 11    Int: 10    God:    Wu Jian [**....]
Gold:   205        SH:  7    Dex: 16    Spells: 3/3 levels left

rFire    . . .     SeeInvis +   a - +0 falchion
rCold    . . .     Gourm    .   k - +0 shield
rNeg     . . .     Faith    .   b - +0 robe
rPois    .         Spirit   .   (no helmet)
rElec    .         Reflect  .   A - +0 cloak
rCorr    .         Harm     .   (no gloves)
MR       .....                  (no boots)
Stlth    ++........             (no amulet)
HPRegen  0.12/turn              s - ring of see invisible
MPRegen  0.13/turn              z - ring of magical power

@: slow
A: +LOS, swims, slowness 1, strong legs 1
a: Hop, Wall Jump, Renounce Religion


You were on level 4 of the Dungeon.
You worshipped Wu Jian.
Wu Jian was pleased with you.
You were hungry.

You visited 1 branch of the dungeon, and saw 4 of its levels.

You collected 205 gold pieces.

Inventory:

Hand Weapons
 a - a +0 falchion (weapon)
Missiles
 i - 96 stones (quivered)
 H - 10 sling bullets
 I - 11 poisoned needles
Armour
 b - a +0 robe (worn)
 k - a +0 shield (worn)
 v - a +0 ring mail
 A - a +0 cloak (worn)
Jewellery
 s - a ring of see invisible (left hand)
 t - an uncursed ring of flight
 z - a ring of magical power (right hand)
Wands
 F - a wand of digging (5)
Scrolls
 f - a scroll of fear {unknown}
 g - a scroll of noise {unknown}
 l - 2 scrolls of fog {unknown}
 n - 3 scrolls of identify {unknown}
 o - a scroll of blinking {unknown}
 q - 2 scrolls of enchant armour {unknown}
 r - 2 scrolls of enchant weapon {unknown}
 y - 3 scrolls of remove curse {unknown}
 E - a scroll of teleportation {unknown}
 G - a scroll of immolation {unknown}
Potions
 d - a potion of ambrosia {unknown}
 e - a potion of invisibility {unknown}
 h - a potion of degeneration {unknown}
 j - a potion of curing
 m - a potion of mutation {unknown}
 p - a potion of lignification {unknown}
 u - 2 potions of agility {unknown}
 w - a potion of brilliance {unknown}
 x - a potion of heal wounds {unknown}
 B - a potion of flight {unknown}
 C - a potion of might {unknown}
 D - a potion of haste {unknown}
Comestibles
 c - 6 rations


   Skills:
 + Level 3.7 Fighting
 + Level 6.2 Long Blades
 + Level 3.2 Dodging
 + Level 1.7 Stealth
 * Level 1.1 Shields


You had 3 spell levels left.
You didn't know any spells.
Your spell library was empty.

Dungeon Overview and Level Annotations

Branches:
Dungeon (4/15)             Temple (0/1) D:4

Altars:
Elyvilon
Makhleb
Ru
Sif Muna
Wu Jian
Xom
Zin

Shops:
D:4 =


Innate Abilities, Weirdness & Mutations

Shadows flee at your approach. (+LOS)
You can swim through water.
You cover ground slowly.
You can hop short distances.


Message History

You hit the iguana but do no damage.
The iguana is heavily wounded.
The iguana bites you!
You spin and attack the iguana.
You closely miss the iguana.
The iguana is heavily wounded.
The iguana barely misses you.
You spin and attack the iguana repeatedly.
You hit the iguana.
The iguana is severely wounded.
You hit the iguana but do no damage.
The iguana is severely wounded.
You block the iguana's attack.
Throwing (i - inventory)
i - 97 stones (quivered)
Press: ? - help, Shift-Dir - straight line, f - iguana
Aim: an iguana (severely wounded)
You throw a stone. The stone closely misses the iguana.
You hit the iguana but do no damage.
The iguana is severely wounded.
The iguana bites you!
You die...

#...######
.........####
.............##
..............#
.....!....[...#
.............(# #.>
.............##...8
#...............#
##.......?..####
####..l..###
##.@#### #....#
#..##.## #...# #..#
#..## ##.## #..#
#..# ..# ##.## .
#..# ##.## #..#
##.##


You could see an iguana.

Vanquished Creatures
  A worker ant (D:4)
  3 adders
  A worm (D:2)
  2 dart slugs
  A leopard gecko (D:2)
  An orc (D:3)
  4 bats
  2 giant cockroaches
  5 goblins
  9 hobgoblins
  2 jackals (D:1)
  A quokka (D:4)
  3 frilled lizards
  4 kobolds
  6 rats
45 creatures vanquished.

Notes
Turn   | Place    | Note
-------+----------+-------------------------------------------
     0 | D:1      | bli the Barachi Monk began the quest for the Orb.
     0 | D:1      | Reached XP level 1. HP: 18/18 MP: 1/1
   243 | D:1      | Reached skill level 4 in Long Blades
   331 | D:1      | Reached XP level 2. HP: 20/24 MP: 2/2
   781 | D:2      | Reached skill level 5 in Long Blades
   781 | D:2      | Reached XP level 3. HP: 19/29 MP: 3/3
  2019 | D:3      | Found a shimmering altar of Xom.
  2020 | D:3      | Noticed an angel
  2027 | D:3      | Found a glowing silver altar of Zin.
  2031 | D:3      | Reached XP level 4. HP: 35/37 MP: 4/4
  2167 | D:3      | Found an ornate altar of the Wu Jian Council.
  2167 | D:3      | Found a sacrificial altar of Ru.
  2167 | D:3      | Found a burning altar of Makhleb.
  2169 | D:3      | Became a worshipper of the Wu Jian Council
  2169 | D:3      | Reached * piety under Wu Jian
  2169 | D:3      | Reached ** piety under Wu Jian
  2451 | D:3      | Found a deep blue altar of Sif Muna.
  2785 | D:4      | Found Gimom's Jewellery Boutique.
  3087 | D:4      | Found a white marble altar of Elyvilon.
  3117 | D:4      | Reached skill level 6 in Long Blades
  3117 | D:4      | Reached skill level 1 in Shields
  3281 | D:4      | Found a staircase to the Ecumenical Temple.
  3288 | D:4      | Slain by an iguana

Vault maps used:
D:1:      dpeg_arrival_more_subterranean_lakeside_camping, fountainhead,
          minmay_misc_feat_roman
D:2:      first_ration
D:3:      grunt_temple_overflow_order_and_chaos_1, lemuel_doored_altar,
          gammafunk_temple_overflow_forgotten
D:4:      temple_statues, serial_shops, nicolae_shop_stone, elyvilon_altar_5

Skill      XL: |  1  2  3  4 |
---------------+-------------+-----
Long Blades    | 4 5 6 |  6.2
Shields        | 1 |  1.1
Fighting       | |  3.7
Dodging        | |  3.2
Stealth        | |  1.7

Action                   |  1- 3 |  4- 6 || total
-------------------------+-------+-------++-------
Melee: Falchion          |   109 |    65 ||   174
Throw: Stone             |    10 |     1 ||    11
Invok: Lunge             |       |     9 ||     9
       Whirlwind         |       |     9 ||     9
  Use: Potion            |       |     2 ||     2
 Stab: Sleeping          |     6 |     3 ||     9
  Eat: Chunk             |     4 |     4 ||     8
Armor: Robe              |    10 |     7 ||    17
Dodge: Dodged            |    55 |    24 ||    79
Block: Shield            |    24 |    28 ||    52
       Rpst.: Falchion   |    19 |     6 ||    25

Table legend:
 A = Non-vault XP
 B = Vault XP
 C = Vault XP percentage of total XP
 D = Non-vault monster count
 E = Vault monster count
 F = Vault count percentage of total count
                 A         B        C        D         E       F
            +---------+---------+-------+---------+---------+-------
      Total |     150 |       0 |   0.0 |      45 |       0 |   0.0
            +---------+---------+-------+---------+---------+-------
        D:1 |      28 |       0 |   0.0 |      17 |       0 |   0.0
        D:2 |      51 |       0 |   0.0 |      13 |       0 |   0.0
        D:3 |      34 |       0 |   0.0 |      12 |       0 |   0.0
        D:4 |      37 |       0 |   0.0 |       3 |       0 |   0.0
            +---------+---------+-------+---------+---------+-------
